 Dungeon Crawl Stone Soup version 0.28-a0-932-g843f935a50 (webtiles) character file.

Game seed: 18107337737404785822

653 bearlyready the Bolt Thrower (level 7, -2/61 HPs)
             Began as a Ghoul Hunter on Nov 28, 2021.
             Was a Follower of Okawaru.
             Slain by Duvessa (3 damage)
             ... on level 5 of the Dungeon.
             The game lasted 00:08:34 (6364 turns).

bearlyready the Bolt Thrower (Ghoul Hunter)         Turns: 6364, Time: 00:08:35

Health: -2/61      AC:  7    Str: 15 (18) XL:     7   Next: 54%
Magic:  7/7        EV: 11    Int:  5 (6)  God:    Okawaru [*.....]
Gold:   46         SH:  0    Dex:  7 (9)  Spells: 6/6 levels left

rFire   + . .      SeeInvis .   C - +0 dagger (venom)
rCold   + + +      Faith    .   (no shield)
rNeg    + + +      Spirit   .   l - +3 leather armour {rC+}
rPois   ∞          Reflect  .   (no helmet)
rElec   +          Harm     .   (no cloak)
rCorr   +          Rampage  .   (no gloves)
Will    .....                   q - +0 pair of boots
Stlth   ..........              (no amulet)
HPRegen 0.00/turn               (no ring)
MPRegen 0.10/turn               (no ring)

@: mighty, brilliant, silenced (expiring), resistant, attractive, inhibited
regen
A: claws 1, cold resistance 1, negative energy resistance 3, inhibited
regeneration, torment resistance 2
a: Renounce Religion


You were on level 5 of the Dungeon.
You worshipped Okawaru.
Okawaru was aware of your devotion.
You visited 2 branches of the dungeon, and saw 6 of its levels.

You collected 167 gold pieces.
You spent 121 gold pieces at shops.

Inventory:

Hand Weapons
 a - a +1 hand crossbow
 b - a +0 whip
 f - a +0 short sword
 j - a +0 mace
 t - a +0 dagger
 y - a +0 flail
 C - a +0 dagger of venom (weapon)
Missiles
 d - 47 bolts
 i - 84 stones (quivered)
 m - 61 sling bullets
 n - 38 arrows
 s - 6 poisoned darts
Armour
 c - a +0 leather armour
 l - a +3 leather armour of cold resistance (worn)
 q - a +0 pair of boots (worn)
Wands
 z - a wand of polymorph (6)
 A - a wand of flame (9)
Scrolls
 g - 3 scrolls of magic mapping
 v - a scroll of teleportation {unknown}
 w - a scroll of identify {unknown}
Potions
 o - a potion of resistance
 p - a potion of degeneration
 D - a potion of lignification


   Skills:
 + Level 5.2 Fighting
 + Level 2.9 Maces & Flails
 + Level 6.0 Crossbows
 - Level 1.7 Dodging
 - Level 1.1 Stealth
 + Level 2.0 Invocations


You had 6 spell levels left.
You didn't know any spells.
Your spell library was empty.

Dungeon Overview and Level Annotations

Branches:
Dungeon (5/15)             Temple (1/1) D:5

Altars:
Ashenzari
Cheibriados
Dithmenos
Gozag
Hepliaklqana
Makhleb
Okawaru
Qazlal
Ru
Sif Muna
Trog
Uskayaw
Wu Jian
Xom
Yredelemnul
Zin
The Shining One

Shops:
D:5 [[!

Annotations:
D:5 2 transporters, Dowan, Duvessa


Innate Abilities, Weirdness & Mutations

You thrive by killing the living.
You are immune to poison.
You have sharp fingernails.
Your flesh is cold resistant. (rC+)
You are immune to negative energy. (rN+++)
You do not regenerate when monsters are visible.
You are immune to unholy pain and torment.


Message History

Dowan blinks!
Duvessa hits you with a +0 rapier!
* * * LOW HITPOINT WARNING * * *
Dowan hits you but does no damage.
It was a potion of resistance.
You feel protected. Duvessa hits you with a +0 rapier.
* * * LOW HITPOINT WARNING * * *
Duvessa misses you. Dowan casts a spell at you. The puff of flame hits you.
You resist.
* * * LOW HITPOINT WARNING * * *
Magic scrolls do not work when you're silenced!
Unknown command.
It was a potion of brilliance.
You feel clever all of a sudden. Duvessa hits you with a +0 rapier!
* * * LOW HITPOINT WARNING * * *
Dowan hits you with a +3 dagger of venom.
* * * LOW HITPOINT WARNING * * *
Okay, then.
Magic scrolls do not work when you're silenced!
It was a potion of attraction.
You feel attractive to monsters. Duvessa hits you but does no damage.
Duvessa closely misses you. Dowan casts a spell at you.
You resist with some effort.
Magic scrolls do not work when you're silenced!
It was a potion of might.
You feel very mighty all of a sudden. Duvessa barely misses you.
Dowan closely misses you.
Magic scrolls do not work when you're silenced!
Magic scrolls do not work when you're silenced!
Unknown command.
Okay, then.
Aiming: Polymorph
Press: ? - help, Shift-Dir - straight line, f - Duvessa
Aim: Duvessa, wielding a +0 rapier and wearing a +0 leather armour (moderately wounded, fast, will become a bullfrog, an ogre, or a basilisk, chance to affect: 28%) Duvessa easily resists.
Duvessa hits you with a +0 rapier.
You die...

.#....#####⌠.⌠......###*,*****
.#..#...####.#+#.#### *,,>..####
.#..###......#.#.# ******#.#...
.#...........#.#.# *,,,#.#.#.##
.#.#########.#.#,*****,#.#......#
.#...........#.#,,,,,,,#.#.#.#..#
.#######.....#.#,*######.#.#.#†.#
...............####......#.#.#..#
...............e@.#.##...........
#####........####e#.##...........
#.....#### #.#.##....†......
#.....# ###.#.######'#.....
#.....# #.......# #.#.####
#.....# #.#.#.### #.#.#...
#.....# #.#.#.#.####.#.#.##
#.....# #,#.#........#.#..#
####### *,#.##########.#..#


You could see Duvessa (fast) and Dowan.

Vanquished Creatures
  Eustachio (D:5)
  2 ogres
  2 hounds
  A gnoll shaman (D:5)
  2 iguanas
  An orc wizard (Temple)
  2 hound skeletons
  7 gnolls
  2 adders (D:5)
  2 ufetubi
  A dart slug (D:2)
  4 orcs
  8 endoplasms
  2 giant cockroaches (D:1)
  3 goblins (D:1)
  5 hobgoblins (D:1)
  5 kobolds
  3 quokkas
  2 ball pythons (D:1)
  5 bats
  2 frilled lizards (D:1)
  5 rats
67 creatures vanquished.

Vanquished Creatures (others)
  A plant (D:3)
1 creature vanquished.

Grand Total: 68 creatures vanquished

Notes
Turn   | Place    | Note
-------+----------+-------------------------------------------
     0 | D:1      | bearlyready the Ghoul Hunter began the quest for the Orb.
     0 | D:1      | Reached XP level 1. HP: 17/17 MP: 0/0
   104 | D:1      | Reached skill level 4 in Crossbows
   104 | D:1      | Reached XP level 2. HP: 16/24 MP: 1/1
   448 | D:1      | Found a faded altar of an unknown god.
   749 | D:1      | Reached XP level 3. HP: 17/29 MP: 2/2
  2500 | D:3      | Reached XP level 4. HP: 12/38 MP: 3/3
  3035 | D:3      | Noticed an ogre
  3059 | D:4      | Reached skill level 5 in Crossbows
  3063 | D:4      | Reached XP level 5. HP: 46/46 MP: 4/4
  3542 | D:4      | Noticed an ogre
  3581 | D:5      | Entered Level 5 of the Dungeon
  3604 | D:4      | Killed an ogre
  3605 | D:4      | Reached skill level 1 in Maces & Flails
  3645 | D:4      | Reached XP level 6. HP: 35/52 MP: 5/5
  4314 | D:5      | Found Vutynt's Armour Boutique.
  4339 | D:5      | Found Dikliusk's Armour Emporium.
  4384 | D:5      | Found Boops's Armour Boutique.
  4394 | D:5      | Found Timacwoi's Distillery.
  4594 | D:5      | Bought a potion of heal wounds for 55 gold pieces
  4594 | D:5      | Bought a potion of curing for 33 gold pieces
  4594 | D:5      | Bought a potion of curing for 33 gold pieces
  4611 | D:5      | Noticed Eustachio
  4778 | D:5      | Found a staircase to the Ecumenical Temple.
  4862 | Temple   | Entered the Ecumenical Temple
  5012 | Temple   | Became a worshipper of Warmaster Okawaru
  5193 | D:5      | Killed Eustachio
  5194 | D:5      | Reached skill level 1 in Invocations
  5194 | D:5      | Reached XP level 7. HP: 56/60 MP: 6/6
  5205 | D:5      | Reached skill level 5 in Fighting
  5228 | D:5      | Reached * piety under Okawaru
  6123 | D:5      | Found a transporter.
  6128 | D:5      | Found a transporter.
  6260 | D:5      | Reached skill level 6 in Crossbows
  6330 | D:5      | Noticed Duvessa
  6330 | D:5      | Noticed Dowan
  6361 | D:5      | HP: 1/61 [Dowan (4)]
  6364 | D:5      | Slain by Duvessa

Illustrated notes

Levels and vault maps discovered:
D:1:      minmay_arrival_wavy_path, layout_basic,
          shapermc_ecumenical_altar_mp_urbaneastern, kennysheep_small_spiral
D:2:      layout_basic
D:3:      layout_loops_ring, grunt_temple_overflow_growth_and_decay,
          amcnicky_mini_rare_corridor_liquid
D:4:      layout_loops_ring, nicolae_overflow_hidden_temple
D:5:      layout_basic, minmay_temple_entry_tees, serial_shops, shop_fountains,
          shop, nicolae_stop_n_shop_2, shop, nicolae_shop_advertising_works
          [nicolae_subvault_shop_adworks], gammafunk_ghost_hive, uniq_eustachio,
          uniq_duvessa
Temple:   regret_index_temple_sphere_string

Skill      XL: |  1  2  3  4  5  6  7 |
---------------+----------------------+-----
Crossbows      | 4 5 6 |  6.0
Fighting       | 3 4 5 |  5.2
Maces & Flails | 1 2 |  2.9
Invocations    | 1 2 |  2.0
Dodging        | |  1.7
Stealth        | |  1.1

Action                   |  1- 3 |  4- 6 |  7- 9 || total
-------------------------+-------+-------+-------++-------
Melee: Dagger            |   129 |    47 |     2 ||   178
       Whip              |       |    67 |    62 ||   129
 Fire: Hand crossbow     |    19 |    61 |    29 ||   109
Throw: Dart              |       |     6 |       ||     6
       Stone             |       |     1 |     2 ||     3
Evoke: Wand              |       |       |     1 ||     1
  Use: Scroll            |       |     1 |     2 ||     3
       Potion            |       |       |    10 ||    10
Armor: Leather armour    |    30 |    63 |    27 ||   120
Dodge: Dodged            |    74 |    85 |    54 ||   213

Table legend: (Time is in decaauts)
 A = Elapsed time spent in this place.
 B = Non-inter-level travel time spent in this place.
 C = Inter-level travel time spent in this place.
 D = Time resting spent in this place.
 E = Time spent auto-exploring this place.
 F = Levels seen in this place.
 G = Mean time per level.
                   A        B        C        D        E       F      G
               +--------+--------+--------+--------+--------+-----+--------+
         Total |   6380 |   5984 |    396 |    691 |   4282 |   6 | 1063.3 |
       Dungeon |   5465 |   5087 |    378 |      0 |   4151 |   5 | 1093.0 |
        Temple |    915 |    897 |     18 |    691 |    131 |   1 |  915.0 |
               +--------+--------+--------+--------+--------+-----+--------+

Top non-repeatable levels by time:
     D:1: 1585 daAuts
     D:5: 1239 daAuts
     D:4: 1175 daAuts
  Temple: 915 daAuts
     D:2: 895 daAuts
     D:3: 569 daAuts
